 Dungeon Crawl Stone Soup version 0.29.1-12-g30fa7ad0bf (webtiles) character file.

Game seed: 11579526922144560028

22 KittyFluff the Trooper (level 2, -5/19 HPs)
             Began as a Gargoyle Berserker on Jan 14, 2023.
             Was a Follower of Trog.
             Slain by a gnoll
             ... wielding a +0 spear
              (6 damage)
             ... on level 1 of the Dungeon.
             The game lasted 00:03:35 (893 turns).

KittyFluff the Trooper (Gargoyle Berserker)          Turns: 893, Time: 00:03:36

Health: -5/19      AC:  5    Str: 20    XL:     2   Next: 91%
Magic:  2/2        EV: 12    Int:  7    God:    Trog [*.....]
Gold:   50         SH:  0    Dex:  9    Spells: 1/1 levels left

rFire   . . .      SeeInvis .   a - +0 mace
rCold   . . .      Faith    .   (no shield)
rNeg    + . .      Spirit   .   b - +0 animal skin
rPois   ∞          Reflect  .   (no helmet)
rElec   +          Harm     .   (no cloak)
rCorr   .          Rampage  .   (no gloves)
Will    .....                   (no boots)
Stlth   +.........              (no amulet)
HPRegen 0.06/turn               (no ring)
MPRegen 0.08/turn               (no ring)

@: no status effects
A: sickness immunity, AC +2, negative energy resistance 1, electricity
resistance, torment resistance 1, petrification resistance
a: Renounce Religion, Berserk


You were on level 1 of the Dungeon.
You worshipped Trog.
Trog was aware of your devotion.
You visited 1 branch of the dungeon, and saw 1 of its levels.

You collected 50 gold pieces.

Inventory:

Hand Weapons
 a - a +0 mace (weapon)
 f - a +0 sling
Missiles
 c - 4 stones (quivered)
 k - 2 poisoned darts
Armour
 b - a +0 animal skin (worn)
 l - a +0 scale mail
Scrolls
 i - a scroll of teleportation {unknown}
Potions
 d - a potion of brilliance {unknown}
 e - a potion of curing {unknown}
 g - 2 potions of magic {unknown}
 h - 2 potions of resistance {unknown}
 j - a potion of lignification {unknown}


   Skills:
 + Level 3.5 Fighting
 * Level 3.3 Maces & Flails
 * Level 2.8 Armour
 + Level 1.8 Dodging


You had one spell level left.
You didn't know any spells.
Your spell library was empty.

Dungeon Overview and Level Annotations

Branches:
Dungeon (1/15)

Altars:


Innate Abilities, Weirdness & Mutations

You are immune to sickness and miasma.
Your stone body is resilient. (AC +2)
You are immune to poison.
You resist negative energy. (rN+)
You are resistant to electric shocks. (rElec)
You are resistant to unholy torment.
You are immune to petrification.


Message History

You hit the ball python.
You kill the ball python!
Trog accepts your kill.
You hit the quokka.
The quokka is almost dead.
The quokka bites you but does no damage. x2
You sock the quokka!
You kill the quokka!
Trog accepts your kill.
Found 11 gold pieces.
You now have 38 gold pieces (gained 11).
As you open the door, it creaks loudly!
There is an open door here.
There is an open door here.
A rat comes into view.
Found 12 gold pieces.
You barely miss the rat. The rat bites you but does no damage.
You barely miss the rat. The rat barely misses you.
You hit the rat.
The rat is heavily wounded.
The rat bites you but does no damage.
You barely miss the rat.
The rat is heavily wounded.
The rat bites you but does no damage. x2
You hit the rat.
You kill the rat!
Trog accepts your kill.
You see here a rat corpse.
You now have 50 gold pieces (gained 12).
A gnoll comes into view. It is wielding a +0 spear.
The gnoll shouts!
The gnoll hits you from afar with a +0 spear!
The gnoll hits you with a +0 spear.
You barely miss the gnoll. The gnoll hits you with a +0 spear.
* * * LOW HITPOINT WARNING * * *
You closely miss the gnoll. The gnoll barely misses you.
You hit the gnoll.
The gnoll is heavily wounded.
The gnoll hits you with a +0 spear.
You die...

......####......................#
)###...........##.##.####..######
..##.######†...##.##.# #..# #
..##.# #....##.##.# #..# #
.....### #....##.##.# #..# #
.......## #.......##.# ..######
######..# ####.....#.# ..#.....
≈≈≈≈≈≈≈.# #.....# ..#.####
######≈.# #..@..# #.# #≈.#
#..g..# #.# #≈.# #.....# #†####
#≈.# #.....# #..... #+###≈.#
......# ###### ##.#~#≈.# .#######
# ♣#.8♣♣≈.# #. # #8.#~#≈.# #. #
##.###≈.# #. .. #


You could see a gnoll.

Vanquished Creatures
  2 ball pythons (D:1)
  2 endoplasms (D:1)
  2 giant cockroaches (D:1)
  2 hobgoblins (D:1)
  3 jackals (D:1)
  2 kobolds (D:1)
  A quokka (D:1)
  A frilled lizard (D:1)
  5 rats (D:1)
20 creatures vanquished.

Vanquished Creatures (others)
  2 plants (D:1)
2 creatures vanquished.

Grand Total: 22 creatures vanquished

Notes
Turn   | Place    | Note
-------+----------+-------------------------------------------
     0 | D:1      | KittyFluff the Gargoyle Berserker began the quest for the
                  | Orb.
     0 | D:1      | Reached XP level 1. HP: 14/14 MP: 1/1
   202 | D:1      | Reached XP level 2. HP: 7/19 MP: 2/2
   485 | D:1      | Found a faded altar of an unknown god.
   893 | D:1      | Slain by a gnoll

Illustrated notes

Levels and vault maps discovered:
D:1:      saegor_arrival_fortress, layout_basic,
          shapermc_ecumenical_altar_ellora, minmay_misc_feat_square

Action                   || total
-------------------------++-------
Melee: Mace              ||    76
Armor: Animal skin       ||    32
Dodge: Dodged            ||    41
